 Dungeon Crawl Stone Soup version 0.24-a0-275-g6f7e2cb (webtiles) character file.

Game seed: 17812324348705871791

50 tilp the Firebug (level 3, 16/19 HPs)
             Began as a Deep Elf Fire Elementalist on Apr 28, 2019.
             Quit the game on level 2 of the Dungeon.
             The game lasted 00:03:12 (1097 turns).

tilp the Firebug (Deep Elf Fire Elementalist)       Turns: 1097, Time: 00:03:13

Health: 16/19      AC:  2    Str:  5    XL:     3   Next: 55%
Magic:  10/10      EV: 13    Int: 20    God:
Gold:   42         SH:  0    Dex: 15    Spells: 3/9 levels left

rFire    . . .     SeeInvis .   o - +0 dagger
rCold    . . .     Gourm    .   (no shield)
rNeg     . . .     Faith    .   a - +0 robe
rPois    .         Spirit   .   (no helmet)
rElec    .         Reflect  .   (no cloak)
rCorr    .         Harm     .   (no gloves)
MR       .....                  (no boots)
Stlth    ++........             (no amulet)
HPRegen  0.06/turn              (no ring)
MPRegen  0.12/turn              (no ring)

@: no status effects
A: no striking features
a: no special abilities


You were on level 2 of the Dungeon.
You were not hungry.

You visited 1 branch of the dungeon, and saw 2 of its levels.

You collected 42 gold pieces.

Inventory:

Hand Weapons
 o - a +0 dagger (weapon)
Missiles
 d - 28 stones (quivered)
Armour
 a - a +0 robe (worn)
Scrolls
 e - 2 scrolls of blinking {unknown}
 j - a scroll of enchant weapon {unknown}
 n - a scroll of fear {unknown}
Potions
 b - a potion of flight {unknown}
 f - a potion of curing {unknown}
 h - a potion of resistance {unknown}
 i - a potion of mutation {unknown}
 k - 2 potions of heal wounds {unknown}
 l - a potion of lignification {unknown}
 m - a potion of brilliance {unknown}
Comestibles
 c - 4 rations
 g - 9 chunks of flesh


   Skills:
 - Level 2.4 Dodging
 - Level 2.4 Stealth
 + Level 3.9 Spellcasting
 - Level 1.1 Conjurations
 * Level 4.6 Fire Magic


You had 3 spell levels left.
You knew the following spells:

 Your Spells              Type           Power        Failure   Level  Hunger
a - Flame Tongue          Conj/Fire      ###..        4%          1    None
b - Throw Flame           Conj/Fire      ###...       6%          2    ##.....
c - Conjure Flame         Conj/Fire      ###.....     12%         3    ###....

Your spell library contained the following spells:

 Spells                   Type           Power        Failure   Level  Hunger
 Inner Flame              Hex/Fire       ##......     16%         3    ###....
 Sticky Flame             Conj/Fire      ###.....     36%         4    ####...
 Fireball                 Conj/Fire      ###.......   73%         5    ######.


Dungeon Overview and Level Annotations

Branches:
Dungeon (2/15)

Altars:
Dithmenos
Kikubaaqudgha


Message History

Confirm with . or Enter, or press ? or * to list all spells.
Aiming: Flame Tongue (safe; 4% risk of failure)
Press: ? - help, Shift-Dir - straight line, f - rat
Aim: a rat (resting)
The flame tongue hits the rat.
You kill the rat!
There is an escape hatch in the ceiling here.
A ball python and a kobold come into view.
The kobold shouts!
The kobold throws a stone.
The stone barely misses you.
Found 12 gold pieces.
You see here a stone.
Unknown command.
A bat and a hobgoblin come into view.
The kobold throws a stone.
The stone hits you but does no damage.
You see here a stone.
The hobgoblin shouts!
The ball python hisses angrily.
The kobold throws a stone.
The stone hits you.
You see here a stone.
Are you sure you want to abandon this character and quit the game? (Confirm with "yes".)

###.........#......
#.......#......#.
####..##..#.......
#######.. .####.........
........# ##..........##
........###.<...#.......
........##...#####......
........((..## #..#...
.......@###.# ##..#...
.......## #.# #...#.##
b...... ###.#####.....#
..K.g.. #..........####
..$S... #.....###..#
....... #..........#
####### #....####..#
#>..## #.## ##### #.#


You could see a hobgoblin, a bat, a ball python and a kobold.

Vanquished Creatures
  2 adders (D:2)
  An adder zombie (D:2)
  4 leopard geckos (D:2)
  3 ball pythons
  A goblin (D:2)
  2 hobgoblins (D:2)
  3 kobolds
  3 bats (D:1)
  5 frilled lizards
  4 rats
28 creatures vanquished.

Notes
Turn   | Place    | Note
-------+----------+-------------------------------------------
     0 | D:1      | tilp the Deep Elf Fire Elementalist began the quest for the
                  | Orb.
     0 | D:1      | Reached XP level 1. HP: 10/10 MP: 6/6
   687 | D:2      | Reached XP level 2. HP: 15/15 MP: 5/8
   766 | D:2      | Learned a level 2 spell: Throw Flame
   805 | D:2      | Reached skill level 4 in Fire Magic
   839 | D:2      | Reached XP level 3. HP: 19/19 MP: 2/10
   844 | D:2      | Learned a level 3 spell: Conjure Flame
   958 | D:2      | Found a shadowy altar of Dithmenos.
   999 | D:2      | Found an ancient bone altar of Kikubaaqudgha.
  1097 | D:2      | Quit the game

Levels and vault maps discovered:
D:1:      psy_arrival_statuary, layout_loops_ring, minmay_misc_feat_ornament,
          kennysheep_decorative_pillar, chequers_serial_rivers_room_b
D:2:      layout_rooms, nicolae_overflow_hidden_temple,
          overflow_temple_1_default, overflow_temple_1_default, first_ration

Skill      XL: |  1  2 |
---------------+-------+-----
Fire Magic     | 4 |  4.6
Dodging        | |  2.4
Stealth        | |  2.4
Spellcasting   | |  3.9
Conjurations   | |  1.1

Action                   || total
-------------------------++-------
Melee: Dagger            ||     3
Throw: Stone             ||     1
 Cast: Flame Tongue      ||    40
       Throw Flame       ||     4
  Eat: Chunk             ||     1
Armor: Robe              ||     2
Dodge: Dodged            ||    10

Table legend:
 A = Non-vault XP
 B = Vault XP
 C = Vault XP percentage of total XP
 D = Non-vault monster count
 E = Vault monster count
 F = Vault count percentage of total count
                 A         B        C        D         E       F
            +---------+---------+-------+---------+---------+-------
      Total |      72 |       0 |   0.0 |      28 |       0 |   0.0
            +---------+---------+-------+---------+---------+-------
        D:1 |       9 |       0 |   0.0 |       7 |       0 |   0.0
        D:2 |      63 |       0 |   0.0 |      21 |       0 |   0.0
            +---------+---------+-------+---------+---------+-------
